 Dungeon Crawl Stone Soup version 0.18.1-50-g88ac8fd (webtiles) character file.

13765 Amnesiac the Brilliant (level 11, 0/60 HPs)
             Began as a Deep Elf Fighter on Mar 1, 2018.
             Was a High Priest of Pakellas.
             Engulfed by an ice statue's freezing vapour (17 damage)
             ... in an ice cave.
             The game lasted 00:37:39 (13941 turns).

Amnesiac the Brilliant (Deep Elf Fighter)          Turns: 13941, Time: 00:37:40

Health: 0/60       AC:  9    Str: 16    XL:     11   Next: 79%
Magic:  23/23      EV: 10    Int: 19    God:    Pakellas [*****.]
Gold:   651        SH: 10    Dex: 17    Spells: 5 memorised, 0 levels left

rFire  . . .     SeeInvis .     b - +2 iron rod (1/13)
rCold  . . .     Gourm    .     y - +0 ring mail "Eczy" {MR+ Dex+3 Slay+3}
rNeg   . . .     Faith    .     c - +1 shield
rPois  .         Spirit   .     v - +0 helmet
rElec  .         Dismiss  .     (no cloak)
rCorr  .         Reflect  .     x - +0 pair of gloves
SustAt .         Harm     .     r - +0 pair of boots
MR     ++...                    (no amulet)
Stlth  +++.......               j - ring of wizardry
                                h - +5 ring of intelligence

@: very resistant to hostile enchantments, fairly stealthy
A: no striking features
a: Quick Charge, Device Surge, Renounce Religion


You were in an ice cave.
You worshipped Pakellas.
Pakellas was extremely pleased with you.
You were hungry.

You visited 3 branches of the dungeon, and saw 15 of its levels.
You also visited: Sewer and Ice Cave.

You collected 651 gold pieces.

Inventory:

Hand Weapons
 a - a +3 dagger of electrocution
 d - a +1 rapier of venom
 w - a +0 flail of draining
 S - a +0 hunting sling
Missiles
 e - 31 poisoned needles
 g - 370 stones (quivered)
 i - 71 sling bullets
Armour
 c - a +1 shield (worn)
 o - a +0 plate armour
 r - a +0 pair of boots (worn)
 v - a +0 helmet (worn)
 x - a +0 pair of gloves (worn)
 y - the +0 ring mail "Eczy" (worn) {MR+ Dex+3 Slay+3}
   (You found it on level 4 of the Dungeon)

   It affects your dexterity (+3).
   It affects your accuracy and damage with ranged weapons and melee attacks
   (+3).
   It affects your resistance to hostile enchantments.
 O - a troll hide
Rods
 b - a +2 iron rod (1/13) (in hand)
   (Pakellas gifted it to you on level 13 of the Dungeon)
Jewellery
 h - a +5 ring of intelligence (left hand)
 j - a ring of wizardry (right hand)
 F - an uncursed amulet of dismissal
Wands
 p - a wand of enslavement (2/24)
 t - a wand of teleportation (6/9)
 K - a wand of confusion (0/48)
 Q - a wand of disintegration (0/24)
Scrolls
 A - a scroll of recharging {!r}
 B - 3 scrolls of teleportation {!r}
 C - 2 scrolls of blinking {!r}
 H - 2 scrolls of magic mapping {!r}
 M - a scroll of amnesia {!r}
 N - 2 scrolls of remove curse {!r}
 R - 2 scrolls of fear {!r}
Potions
 k - 2 potions of mutation {!q}
 l - 2 potions of agility {!q}
 m - 2 potions of magic {!q}
 n - a potion of brilliance {!q}
 s - 3 potions of curing {!q}
 z - a potion of lignification {!q}
 D - 6 potions of flight {!q}
 I - a potion of haste {!q}
 U - a potion of berserk rage {!q}
 W - a potion of invisibility {!q}
 Z - a potion of cure mutation {!q}
Miscellaneous
 u - a plain deck of summoning {drawn: 9}
 E - a phial of floods
 G - a phantom mirror
Comestibles
 f - 12 bread rations
 q - 7 meat rations
 L - 3 beef jerkies
 P - 8 slices of pizza
 V - 2 royal jellies
 X - 5 fruits


   Skills:
 - Level 3.0 Fighting
 - Level 10.0 Short Blades
 - Level 3.2 Armour
 - Level 2.7 Dodging
 - Level 8.0 Stealth
 - Level 4.3 Shields
 + Level 14.6 Evocations


You couldn't memorise any spells.
You knew the following spells:

 Your Spells              Type           Power        Failure   Level  Hunger
a - Apportation           Tloc           #.........   75%         1    ##.....
b - Summon Small Mammal   Summ           #...         75%         1    ##.....
e - Confuse               Hex            #.......     98%         3    ####...
s - Conjure Flame         Conj/Fire      #.......     98%         3    ####...
z - Confusing Touch       Hex            #.....       88%         2    ###....


Dungeon Overview and Level Annotations

Branches:
Dungeon (13/15)            Temple (1/1) D:5            Lair (0/8) D:9
    Orc (1/2) D:10
 Vaults: D:13-14

Altars:
Ashenzari
Cheibriados
Dithmenos
Elyvilon
Fedhas
Gozag
Kikubaaqudgha
Makhleb
Nemelex Xobeh
Okawaru
Pakellas
Qazlal
Ru
Sif Muna
Trog
Vehumet
Xom
Yredelemnul
Zin
The Shining One
Beogh

Shops:
D:4 =   D:7 !

Annotations:
IceCv exclusion: 2 ice statues


Message History

You continue eating. x2
You start resting.
All of the chunks of flesh in your inventory have rotted away.
HP restored.
You start resting.
HP restored.
An ice beast comes into view.
Marking area around the ice statue as unsafe for travelling.
Marking area around the ice statue as unsafe for travelling. 2 ice statues come into view.
The helpless ice beast fails to defend itself.
You skewer the ice beast like a kebab!!!!
There is a sudden explosion of sparks!
You kill the ice beast!
Pakellas accepts your kill.
Unknown command.
The helpless ice beast fails to defend itself.
You skewer the ice beast like a kebab!!!!
You kill the ice beast!
Pakellas accepts your kill.
Pakellas collects the excess magic power.
The helpless ice beast fails to defend itself.
You stick the ice beast like a pincushion!!!!
You kill the ice beast!
Pakellas accepts your kill.
The ice statue gestures. x2
The ice statue glitters chillingly in the dim dungeon light.
You hit the ice beast.
There is a sudden explosion of sparks!
The ice beast is heavily wounded.
You hit the ice beast.
There is a sudden explosion of sparks!
You kill the ice beast!
The ice beast barely misses you.
You hit the ice beast.
There is a sudden explosion of sparks!
The ice beast is severely wounded.
You hit the ice beast.
There is a sudden explosion of sparks!
You kill the ice beast!
No target in view!
Your +3 dagger of electrocution stops crackling.
b - a +2 iron rod (13/13) (in hand) Really walk into a travel-excluded area?
The ice statue glitters chillingly in the dim dungeon light.
The ice statue gestures at you. The freezing blast misses you.
Aiming: Scattershot
Press: ? - help, Shift-Dir - straight line, f - ice statue
Aim: an ice statue (freezing vapour)
The burst of metal fragments hits the ice statue. x11
The ice statue is severely damaged.
You are engulfed in freezing vapours.
The ice statue gestures.
Aiming: Scattershot
Press: ? - help, Shift-Dir - straight line, f/p - ice statue
Aim: an ice statue (freezing vapour, severely damaged)
The burst of metal fragments hits the ice statue. x10
The ice statue is almost destroyed.
You are feeling hungry.
You are engulfed in freezing vapours.
* * * LOW HITPOINT WARNING * * *
The ice statue gestures at you. The bolt of cold hits you!
* * * LOW HITPOINT WARNING * * *
You are engulfed in freezing vapours.
You die...
Pakellas says: Back to the drawing board!

#...## #...##
##...## ##...#
##..# ##..##
#..## ##..####
##8#...@#8##
#......§§Y.##
........§§§§.#
#..........§...#
................#
................#
#..............##
##...........##
###........##


You could see an ice beast.

Vanquished Creatures
  Maud (Orc:1)
  A hydra (D:12)
  A hill giant (Orc:1)
  A manticore (D:10)
  A centaur zombie (D:13)
  Psyche (D:8)
  A troll (Orc:1)
  A wyvern (D:11)
  3 two-headed ogres
  Grinder (D:3)
  Sigmund (D:5)
  A wraith (D:11)
  A human (D:7)
  4 yaks (D:9)
  A hog (D:7)
  A golden eye (Sewer)
  3 vampire mosquitoes (D:11)
  A hippogriff (D:7)
  A warg (Orc:1)
  A water moccasin (D:7)
  Duvessa (Temple)
  A swamp drake (D:9)
  15 ice beasts
  An eye of draining (D:7)
  A necrophage (D:10)
  5 orc warriors
  3 sky beasts
  8 ogres
  2 wolves (Orc:1)
  5 centaurs
  2 phantoms
  2 crocodiles (D:9)
  5 big kobolds
  5 giant frogs
  A gnoll sergeant (D:4)
  A scorpion (D:9)
  14 killer bees
  4 jellies
  2 electric eels (D:10)
  6 crimson imps
  2 howler monkeys (D:9)
  A giant frog zombie (D:6)
  4 hounds
  9 orc priests
  12 orc wizards
  2 centaur skeletons
  A giant frog skeleton (D:5)
  Ijyb (D:2)
  Natasha (thrice) (D:3)
  3 iguanas
  11 worker ants
  3 sheep (D:7)
  A killer bee zombie (D:9)
  A hound zombie (D:9)
  Robin (D:5)
  A howler monkey zombie (D:9)
  A howler monkey skeleton (D:9)
  7 gnolls
  10 adders
  4 shadow imps
  4 white imps (Orc:1)
  An ooze (D:2)
  An adder skeleton (D:4)
  4 worms
  3 dart slugs
  12 giant geckos
  40 orcs
  8 giant cockroaches
  18 goblins
  6 hobgoblins
  11 jackals
  22 kobolds
  5 quokkas
  4 ball pythons
  3 bats (D:2)
  11 giant newts
  A quokka skeleton (D:5)
  A quokka zombie (D:6)
  10 rats
354 creatures vanquished.

Vanquished Creatures (collateral kills)
  A warg (Orc:1)
  The ghost of Amnesiac the Charlatan, an amateur DEAr (D:4)
  A wasp (D:9)
  A giant frog (D:4)
  Dowan (Temple)
  2 orc wizards (Orc:1)
  An orc priest (Orc:1)
  A worker ant (D:4)
  A gnoll (D:4)
  A shadow imp (Temple)
  8 white imps (Orc:1)
  An orc (Orc:1)
  A giant cockroach (D:4)
  A fire vortex (Orc:1)
22 creatures vanquished.

Vanquished Creatures (others)
  An orc warrior (Orc:1)
  A vampire mosquito (D:11)
  A killer bee (D:11)
  An orc priest (Orc:1)
  A plant (Orc:1)
5 creatures vanquished.

Grand Total: 381 creatures vanquished

Notes
Turn   | Place    | Note
--------------------------------------------------------------
     0 | D:1      | Amnesiac the Deep Elf Fighter began the quest for the Orb.
     0 | D:1      | Reached XP level 1. HP: 13/13 MP: 3/3
   117 | D:1      | Reached XP level 2. HP: 18/18 MP: 4/4
   468 | D:1      | Reached skill level 1 in Dodging
   917 | D:2      | Reached XP level 3. HP: 22/22 MP: 5/5
  1354 | D:2      | HP: 1/33 [worm (4)]
  1939 | D:2      | Reached XP level 4. HP: 23/27 MP: 6/6
  1975 | D:2      | Found a glowing silver altar of Zin.
  2355 | D:3      | Found a sparkling altar of Nemelex Xobeh.
  2881 | D:3      | Noticed Ijyb
  2934 | D:3      | Reached skill level 1 in Evocations
  3186 | D:3      | Found a deep blue altar of Sif Muna.
  3189 | D:3      | Found a shimmering altar of Xom.
  3193 | D:3      | Found a stormy altar of Qazlal.
  3195 | D:3      | Found an opulent altar of Gozag.
  3196 | D:3      | Found a basalt altar of Yredelemnul.
  3197 | D:3      | Found an iron altar of Okawaru.
  3198 | D:3      | Found a glowing golden altar of the Shining One.
  3288 | D:3      | Reached skill level 2 in Evocations
  3288 | D:3      | Reached XP level 5. HP: 8/32 MP: 6/8
  3682 | D:3      | Noticed Grinder
  3695 | D:3      | Killed Grinder
  3695 | D:3      | Reached skill level 5 in Evocations
  3695 | D:3      | Reached XP level 6. HP: 23/37 MP: 8/11
  3805 | D:4      | Noticed Natasha
  3811 | D:4      | Noticed Amnesiac's ghost (amateur DEAr)
  3815 | D:3      | Killed Natasha
  3889 | D:3      | Noticed Natasha
  3902 | D:3      | Killed Natasha
  4004 | D:3      | Noticed Natasha
  4016 | D:3      | Killed Natasha
  4131 | D:4      | Got a faintly humming ring mail
  4142 | D:4      | Identified the cursed +0 ring mail "Eczy" {MR+ Dex+3 Slay+3} (You found it on level 4 of the Dungeon)
  4188 | D:5      | Entered Level 5 of the Dungeon
  4216 | D:5      | Reached skill level 6 in Evocations
  4254 | D:5      | Reached XP level 7. HP: 29/41 MP: 13/13
  4296 | D:5      | Reached skill level 7 in Evocations
  4415 | D:5      | Found a staircase to the Ecumenical Temple.
  4424 | Temple   | Entered the Ecumenical Temple
  4576 | D:5      | Reached skill level 8 in Evocations
  4615 | D:5      | Found a glowing drain.
  4619 | Sewer    | Entered a sewer
  4679 | Sewer    | Noticed Purgy
  4683 | Sewer    | Noticed Purgy
  4683 | Sewer    | Purgy changed into Purgy the golden eye
  4697 | Sewer    | Killed Purgy the golden eye
  4697 | Sewer    | Reached XP level 8. HP: 38/46 MP: 16/16
  4944 | D:5      | Reached skill level 9 in Evocations
  5059 | D:5      | Noticed Duvessa
  5061 | D:5      | Noticed Dowan
  5097 | Temple   | Killed Duvessa
  5104 | Temple   | Killed Dowan
  5419 | D:5      | Reached skill level 10 in Evocations
  5726 | D:4      | Noticed Sigmund
  5730 | D:4      | Noticed Robin
  5752 | D:5      | Killed Sigmund
  5763 | D:5      | Killed Robin
  5954 | D:4      | Reached skill level 11 in Evocations
  5972 | D:4      | Killed Amnesiac's ghost
  6122 | D:2      | Killed Ijyb
  6422 | D:4      | Found a burning altar of Makhleb.
  6422 | D:4      | Found a radiant altar of Vehumet.
  6586 | D:4      | Found Tiytal's Jewellery Shoppe.
  6788 | D:6      | Reached XP level 9. HP: 47/50 MP: 19/19
  6890 | D:6      | Found an oddly glowing altar of Pakellas.
  6896 | D:6      | Became a worshipper of Pakellas the Inventive
  6982 | D:6      | Reached skill level 12 in Evocations
  7087 | D:6      | Reached skill level 1 in Stealth
  8066 | D:7      | Reached * piety under Pakellas
  8066 | D:7      | Received a gift from Pakellas
  8066 | D:7      | Reached skill level 5 in Short Blades
  8177 | D:7      | Found a sacrificial altar of Ru.
  8372 | D:7      | Found a shadowy altar of Dithmenos.
  8373 | D:7      | Found an oddly glowing altar of Pakellas.
  8375 | D:7      | Found a shattered altar of Ashenzari.
  8376 | D:7      | Found a blossoming altar of Fedhas.
  8387 | D:7      | Found Exkawk's Distillery.
  8865 | D:7      | Found a bloodstained altar of Trog.
  8881 | D:7      | Reached ** piety under Pakellas
  8881 | D:7      | Received a gift from Pakellas
  8889 | D:7      | Reached XP level 10. HP: 56/56 MP: 1/21
  9516 | D:8      | Noticed Psyche
  9538 | D:8      | Killed Psyche
 10298 | D:9      | Reached skill level 5 in Stealth
 10462 | D:9      | Learned a level 1 spell: Apportation
 10465 | D:9      | Learned a level 2 spell: Confusing Touch
 10469 | D:9      | Learned a level 3 spell: Confuse
 10485 | D:9      | Learned a level 1 spell: Summon Small Mammal
 10605 | D:9      | Reached *** piety under Pakellas
 10605 | D:9      | Received a gift from Pakellas
 11354 | D:9      | Found a staircase to the Lair.
 11531 | D:9      | Paralysed by a wasp for 2 turns
 11551 | D:10     | Entered Level 10 of the Dungeon
 11616 | D:10     | Reached **** piety under Pakellas
 11616 | D:10     | Received a gift from Pakellas
 11892 | D:10     | Reached XP level 11. HP: 17/60 MP: 22/22
 12152 | D:10     | You fall through a shaft for 3 floors!
 12153 | D:13     | Noticed a deep elf mage
 12227 | D:13     | Reached ***** piety under Pakellas
 12227 | D:13     | Received a gift from Pakellas
 12227 | D:13     | Reached skill level 10 in Short Blades
 12338 | D:12     | Noticed a seven-headed hydra
 12343 | D:12     | Killed a seven-headed hydra
 12517 | D:11     | Reached skill level 13 in Evocations
 12946 | D:10     | Learned a level 3 spell: Conjure Flame
 12987 | D:10     | Found a staircase to the Orcish Mines.
 13310 | Orc:1    | Entered Level 1 of the Orcish Mines
 13310 | Orc:1    | Found a roughly hewn altar of Beogh.
 13337 | Orc:1    | Noticed Maud
 13345 | Orc:1    | Noticed a hill giant
 13349 | Orc:1    | Killed a hill giant
 13369 | Orc:1    | Killed Maud
 13408 | Orc:1    | Found a frozen archway.
 13523 | Orc:1    | Reached skill level 14 in Evocations
 13650 | IceCv    | Entered an ice cave
 13941 | IceCv    | Engulfed by an ice statue's freezing vapour

Skill      XL: |  1  2  3  4  5  6  7  8  9 10 11 |
---------------+----------------------------------+-----
Dodging        | 1 2 |  2.7
Armour         | 3 |  3.2
Fighting       | 3 |  3.0
Evocations     | 2 5 6 8 11 12 14 | 14.6
Stealth        | 3 8 |  8.0
Short Blades   | 7 9 10 | 10.0
Shields        | 4 |  4.3

Action                   |  1- 3 |  4- 6 |  7- 9 | 10-12 || total
-------------------------+-------+-------+-------+-------++-------
Melee: Rapier            |    11 |    12 |    70 |       ||    93
       Flail             |       |    22 |    13 |     6 ||    41
       Dagger            |       |       |   301 |   549 ||   850
 Fire: Hunting sling     |   284 |   191 |   101 |       ||   576
Evoke: Wand              |       |    13 |    17 |    25 ||    55
       Deck              |       |     1 |     5 |     3 ||     9
       Rod               |       |       |       |    15 ||    15
  Use: Scroll            |     7 |     5 |     6 |     8 ||    26
       Potion            |     4 |     1 |     8 |     3 ||    16
 Stab: Paralysed         |       |     7 |       |       ||     7
       Confused          |       |       |     2 |     4 ||     6
       Sleeping          |       |       |     1 |    11 ||    12
  Eat: Chunk             |     3 |     4 |    16 |    21 ||    44
       Fruit             |       |     2 |       |     1 ||     3
       Pizza             |       |     1 |       |       ||     1
Armor: Scale mail        |    59 |    76 |       |       ||   135
       Skin              |     2 |       |    40 |       ||    42
       Ring mail         |       |     1 |   138 |   118 ||   257
Dodge: Dodged            |    40 |    54 |   129 |   149 ||   372
Block: Shield            |    72 |    99 |   214 |   232 ||   617
